 Dungeon Crawl Stone Soup version 0.31-a0-1405-g2bb1a01664 (webtiles) character file.

Game seed: 268039532661679322

219 grandjackal the Sneak (level 5, -6/35 HPs)
             Began as a Vampire Earth Elementalist on Dec 25, 2023.
             Mangled by a sleepcap (19 damage)
             ... on level 3 of the Dungeon.
             The game lasted 00:03:43 (2350 turns).

grandjackal the Sneak (Vampire Earth Elementalist)  Turns: 2350, Time: 00:03:44

Health: -6/35      AC:  3    Str:  7    XL:     5   Next: 63%
Magic:  3/8        EV:  2    Int: 19    God:
Gold:   108        SH:  0    Dex: 15    Spells: 1/8 levels left

rFire   . . .        d - +0 dagger
rCold   . . .        (no shield)
rNeg    . . .        a - +0 robe
rPois   .            (no helmet)
rElec   .            (no cloak)
rCorr   +            (no gloves)
SInv    +            m - +0 pair of boots
Will    .....        e - amulet of reflection
Stlth   +++          k - ring of resist corrosion
HPRegen 0.45/turn    (no ring)
MPRegen 0.11/turn

%: reflection
@: sleeping, healing quickly
A: alive, fangs 3, see invisible, vampiric 2
a: Exsanguinate


You were on level 3 of the Dungeon.
You visited 1 branch of the dungeon, and saw 3 of its levels.

You collected 108 gold pieces.

Inventory:

Hand Weapons
 d - a +0 dagger (weapon)
Armour
 a - a +0 robe (worn)
 m - a +0 pair of boots (worn)
Jewellery
 e - an amulet of reflection (around neck)
 k - a ring of resist corrosion (left hand)
 p - a ring of fire
Scrolls
 c - a scroll of silence {unknown}
 f - 2 scrolls of noise {unknown}
 g - a scroll of identify
 i - 2 scrolls of teleportation {unknown}
 n - a scroll of summoning {unknown}
 o - a scroll of vulnerability {unknown}
 q - a scroll of poison {unknown}
Potions
 b - a potion of magic
 h - 2 potions of berserk rage
 j - a potion of enlightenment
 l - 2 potions of lignification
 r - a potion of might {unknown}
 s - 2 potions of curing {unknown}


   Skills:
 + Level 2.7 Short Blades
 - Level 2.1 Dodging
 + Level 5.2 Stealth
 - Level 2.0 Spellcasting
 + Level 4.1 Earth Magic
 + Level 3.1 Alchemy


You had one spell level left.
You knew the following spells:

 Your Spells              Type           Power      Damage    Failure   Level
a - Sandblast             Erth           34%        2d9       3%          1
b - Passwall              Alch/Erth      12%        N/A       5%          2
c - Petrify               Alch/Erth      15%        N/A       36%         4

Your spell library contained the following spells:

 Spells                   Type           Power      Damage    Failure   Level
 Sting                    Conj/Alch      28%        1d4       9%          1
 Apportation              Tloc           2%         N/A       17%         1
 Magic Dart               Conj           4%         1d3       17%         1
 Necrotise                Necr           4%         1d4       17%         1
 Summon Small Mammal      Summ           4%         N/A       17%         1
 Stone Arrow              Conj/Erth      18%        3d8       22%         3
 Blink                    Tloc           2%         N/A       26%         2
 Call Imp                 Summ           2%         N/A       26%         2
 Brom's Barrelling Bould  Conj/Erth      9%         2d3       56%         4


Dungeon Overview and Level Annotations

Branches:
Dungeon (3/15)

Altars:
Uskayaw

Annotations:
D:3 3 runed translucent doors, Doj's ghost, weakling DsEE


Innate Abilities, Weirdness & Mutations

Your natural rate of healing is accelerated.
You have razor-sharp teeth.
You have supernaturally acute eyesight. (SInv)
You are afflicted with vampirism and can become a bat while bloodless.


Message History

Confirm with . or Enter, or press ? or * to list all spells.
Aiming: Sandblast (safe; 3% risk of failure)
Press: ? - help, Shift-Dir - straight line, f/p - sleepcap
Aim: a sleepcap (moderately damaged, 100% to hit)
The blast of sand hits the sleepcap but does no damage.
The sleepcap is moderately damaged.
You block the sleepcap's attack.
Unknown command.
Casting: Sandblast (safe; 3% risk of failure)
Confirm with . or Enter, or press ? or * to list all spells.
Aiming: Sandblast (safe; 3% risk of failure)
Press: ? - help, Shift-Dir - straight line, f/p - sleepcap
Aim: a sleepcap (moderately damaged, 100% to hit)
The blast of sand hits the sleepcap but does no damage.
The sleepcap is moderately damaged.
You block the sleepcap's attack. The sleepcap releases spores at you.
Unknown command.
Casting: Sandblast (safe; 3% risk of failure)
Confirm with . or Enter, or press ? or * to list all spells.
Aiming: Sandblast (safe; 3% risk of failure)
Press: ? - help, Shift-Dir - straight line, f/p - sleepcap
Aim: a sleepcap (moderately damaged, 100% to hit)
The blast of sand hits the sleepcap but does no damage.
The sleepcap is moderately damaged.
You block the sleepcap's attack.
Unknown command.
Casting: Sandblast (safe; 3% risk of failure)
Confirm with . or Enter, or press ? or * to list all spells.
Aiming: Sandblast (safe; 3% risk of failure)
Press: ? - help, Shift-Dir - straight line, f/p - sleepcap
Aim: a sleepcap (moderately damaged, 100% to hit)
The blast of sand hits the sleepcap.
The sleepcap is moderately damaged.
The sleepcap releases spores at you.
You are engulfed in a cloud of soporific spores!
You fall asleep.
The sleepcap barely misses you. The sleepcap releases spores at you!!
Ouch! That really hurt!
You die...

##.## #....######......# #...+...
#..# ##.).###..........# #...#...
#.####...####..........# #.###.#$
#.#........##..........###...####
.).........##.....#######....##..
#########...#.....####.......##..
#..(##..###.#....................
.#.#.##...#.#....#####.#.#...##..
..#...#._.+.#...@# #.#...#.###.
.#(#(##...#.#...f# # ##....# ##
#.((##..###.#....# #....#
#########...###..# #...##
...........## .... ##..
############ ..... ### .....
#......


You could see a sleepcap.

Vanquished Creatures
  Natasha (thrice) (D:2)
  An orc wizard (D:3)
  An adder (D:3)
  4 gnolls
  2 worms
  3 dart slugs (D:1)
  2 orcs (D:3)
  6 bats
  4 endoplasms
  3 giant cockroaches
  5 goblins
  3 hobgoblins
  4 jackals
  6 kobolds
  A quokka (D:1)
  5 ball pythons
  3 frilled lizards (D:1)
  3 rats
59 creatures vanquished.

Notes
Turn   | Place    | Note
-------+----------+-------------------------------------------
     0 | D:1      | grandjackal the Vampire Earth Elementalist began the quest
                  | for the Orb.
     0 | D:1      | Reached XP level 1. HP: 13/13 MP: 3/3
   257 | D:1      | Reached XP level 2. HP: 12/19 MP: 1/5
   302 | D:1      | Learned a level 2 spell: Passwall
   467 | D:1      | Found a faded altar of an unknown god.
   488 | D:1      | Reached skill level 1 in Short Blades
   610 | D:1      | Gained mutation: You are afflicted with vampirism and can
                  | become a bat while bloodless. [Vampire growth]
   610 | D:1      | Reached XP level 3. HP: 24/24 MP: 2/6
  1095 | D:2      | Noticed Natasha
  1099 | D:2      | Killed Natasha
  1100 | D:2      | Reached skill level 4 in Stealth
  1202 | D:2      | Reached XP level 4. HP: 20/30 MP: 7/7
  1589 | D:2      | Noticed Natasha
  1594 | D:2      | Killed Natasha
  1764 | D:2      | Noticed Natasha
  1769 | D:2      | Killed Natasha
  1824 | D:2      | Learned a level 4 spell: Petrify
  1884 | D:3      | Reached XP level 5. HP: 35/35 MP: 8/8
  1995 | D:3      | Reached skill level 5 in Stealth
  2153 | D:3      | Found a runed translucent gate.
  2153 | D:3      | Found a runed translucent gate.
  2156 | D:3      | Found a runed translucent gate.
  2158 | D:3      | Noticed Doj's ghost (weakling DsEE)
  2263 | D:3      | Noticed a +0 spear
  2265 | D:3      | Noticed a +0 short sword
  2265 | D:3      | Noticed a +0 dagger
  2265 | D:3      | Noticed a +0 falchion
  2266 | D:3      | Noticed a +0 short sword
  2266 | D:3      | Noticed a +0 falchion
  2267 | D:3      | Noticed a +0 spear
  2268 | D:3      | Noticed a +0 dagger
  2271 | D:3      | Found a hide-covered altar of Uskayaw.
  2350 | D:3      | Mangled by a sleepcap

Illustrated notes

Levels and vault maps discovered:
D:1:      lemuel_arrival_cross, layout_basic, dreamdust_ecumenical_altar_grove,
          chequers_serial_rivers_micro_b,
          nicolae_concentric_dashed_squares_mild, nicolae_wormholes
D:2:      layout_loops_ring, serial_forest, infiniplex_forest_straight_2,
          infiniplex_forest_corner_2, infiniplex_forest_end_3,
          infiniplex_forest_straight_1, infiniplex_forest_corner_1,
          infiniplex_forest_end_2, infiniplex_forest_lined_3_way, uniq_natasha
D:3:      layout_rooms, nicolae_uskayaw_en_pointe, kennysheep_vampire_church,
          gammafunk_ghost_necromancy, kennysheep_path_1

Skill      XL: |  1  2  3  4  5 |
---------------+----------------+-----
Short Blades   | 1 2 |  2.7
Alchemy        | 2 3 |  3.1
Stealth        | 4 5 |  5.2
Earth Magic    | 4 |  4.1
Dodging        | |  2.1
Spellcasting   | |  2.0

Action                     |  1- 3 |  4- 6 || total
---------------------------+-------+-------++-------
  Melee: Dagger            |   108 |    75 ||   183
         Bite              |     8 |     4 ||    12
         Punch             |     1 |     2 ||     3
   Cast: Sandblast         |    13 |    30 ||    43
    Use: Scroll            |       |     3 ||     3
   Stab: Sleeping          |     4 |     5 ||     9
         Distracted        |     1 |       ||     1
 Armour: Robe              |    46 |    50 ||    96
  Dodge: Dodged            |    57 |    44 ||   101
  Block: Other             |    17 |    32 ||    49

Table legend: (Time is in decaauts)
 A = Elapsed time spent in this place.
 B = Non-inter-level travel time spent in this place.
 C = Inter-level travel time spent in this place.
 D = Time resting spent in this place.
 E = Time spent auto-exploring this place.
 F = Levels seen in this place.
 G = Mean time per level.
                   A        B        C        D        E       F      G
               +--------+--------+--------+--------+--------+-----+--------+
         Total |   2357 |   2266 |     91 |    327 |   1363 |   3 |  785.7 |
       Dungeon |   2357 |   2266 |     91 |    327 |   1363 |   3 |  785.7 |
               +--------+--------+--------+--------+--------+-----+--------+

Top non-repeatable levels by time:
     D:2: 1022 daAuts
     D:1: 904 daAuts
     D:3: 430 daAuts
